Map: Acropolis LE

Players

GOReynor (Reynor)

  • Race: Zerg Zerg
  • League: Master
  • Spawn Location: 11:00

HeroMarine - Winner!

  • Race: Terran Terran
  • League: Master
  • Spawn Location: 5:00

Event: HomeStory Cup XX

VOD

Have the link to the VOD?

Description

Time

  • Played on: Nov. 21, 2019, 4:24 p.m.
  • Length: 18:07

All games in this series

Show
View Real Time Build Order
Export as new Build Order

GOReynor Zerg 

Build Orders: Hatch First, Brood Lord Corruptor, Lurkers 

Get SALT Encoding   

  12  0:00  Drone  
  13  0:12  Overlord  
  13  0:17  Drone  
  14  0:30  Drone x2  
  16  0:48  Hatchery  
  15  0:51  Drone  
  15  0:55  Drone  
  17  0:58  Drone  
  18  1:09  Extractor  
  17  1:13  Spawning Pool  
  17  1:16  Drone  
  17  1:20  Drone  
  18  1:28  Drone  
  19  1:38  Drone  
  20  1:49  Overlord  
  20  1:59  Queen  
  20  2:00  Zergling x4, Queen  
  26  2:10  Drone  
  26  2:11  Drone  
  28  2:21  Drone x2  
  30  2:29  Hatchery  
  29  2:33  Drone  
  29  2:36  Drone  
  31  2:39  Pneumatized Carapace  
  31  2:48  Queen  
  32  2:51  Overlord  
  32  2:54  Drone  
  32  2:56  Drone  
  34  2:59  Drone  
  35  3:11  Drone x3, Overlord  
  38  3:15  Drone  
  38  3:19  Zergling x2  
  40  3:20  Drone  
  40  3:25  Metabolic Boost  
  40  3:27  Queen  
  41  3:29  Drone  
  41  3:30  Drone  
  45  3:37  Overlord  
  45  3:41  Queen  
  47  3:43  Drone x2  
  49  3:49  Zergling x2  
  49  3:52  Drone x2, Overlord  
  49  3:53  Drone  
  53  3:55  Drone  
  53  3:58  Overlord  
  53  3:59  Drone  
  55  4:02  Overlord  
  55  4:04  Zergling x2  
  55  4:07  Zergling x2  
  57  4:12  Drone x2  
  57  4:14  Queen  
  61  4:19  Queen  
  61  4:20  Drone  
  61  4:21  Drone  
  61  4:22  Drone  
  66  4:24  Zergling x2  
  66  4:28  Drone x2  
  69  4:31  Zergling x2  
  69  4:33  Drone x2  
  69  4:35  Overlord  
  69  4:38  Queen  
  74  4:43  Drone x2  
  76  4:46  Zergling x2  
  76  4:47  Zergling x4  
  76  4:48  Drone  
  76  4:49  Queen  
  76  4:50  Spore Crawler  
  81  4:53  Overlord  
  81  4:56  Zergling x2  
  81  4:57  Drone x2  
  81  4:58  Drone  
  81  4:59  Overlord  
  85  5:02  Overlord  
  85  5:08  Spore Crawler  
  85  5:09  Spore Crawler  
  85  5:13  Queen x2  
  85  5:17  Drone x4  
  89  5:22  Drone  
  89  5:23  Evolution Chamber  
  89  5:24  Drone x2, Evolution Chamber  
  89  5:25  Drone x2  
  90  5:28  Drone x2  
  90  5:33  Lair, Drone x2  
  94  5:41  Overlord  
  93  5:43  Drone x3  
  93  5:48  Drone x2  
  99  5:50  Drone x3  
  99  5:53  Extractor  
  99  5:54  Extractor  
  99  5:55  Extractor  
  98  6:01  Overlord  
  98  6:04  Hatchery, Zerg Missile Weapons Level 1, Roach Warren  
  97  6:05  Baneling Nest  
  97  6:06  Extractor  
  97  6:07  Extractor  
  93  6:14  Zergling x2  
  93  6:15  Zergling x8  
  93  6:16  Drone  
  93  6:17  Drone x3  
  103  6:20  Drone  
  103  6:22  Overlord  
  103  6:24  Drone  
  104  6:30  Hatchery  
  104  6:31  Queen  
  105  6:34  Drone x3  
  105  6:37  Infestation Pit  
  107  6:41  Overseer, Drone x9  
  107  6:44  Queen  
  118  6:47  Zerg Melee Weapons Level 1, Glial Reconstitution  
  118  6:50  Overlord  
  111  7:02  Roach x5  
  111  7:05  Overlord  
  111  7:07  Drone x2  
  120  7:09  Overlord  
  120  7:10  Spore Crawler  
  119  7:17  Overlord  
  119  7:19  Drone x3  
  119  7:21  Hive  
  121  7:23  Spire  
  121  7:24  Overlord  
  121  7:25  Roach x3  
  121  7:27  Drone x2  
  121  7:28  Centrifical Hooks  
  126  7:37  Zergling x2, Roach x2  
  126  7:40  Zergling x4, Roach  
  126  7:44  Drone x2  
  135  7:46  Extractor, Spore Crawler  
  135  7:48  Extractor, Roach  
  134  7:52  Overlord  
  134  7:55  Infestor x2  
  134  7:57  Drone x5  
  143  8:03  Overlord  
  143  8:09  Roach x4  
  143  8:10  Overlord  
  151  8:15  Spore Crawler  
  151  8:16  Hatchery, Ravager  
  151  8:17  Ravager x3  
  151  8:18  Queen  
  155  8:20  Zergling x18  
  162  8:27  Overlord  
  160  8:36  Ravager x2  
  160  8:39  Overlord  
  160  8:42  Drone x8  
  164  8:48  Queen x2  
  164  8:51  Ravager x3  
  164  8:53  Overlord  
  164  8:54  Drone x5  
  176  8:58  Greater Spire  
  176  9:10  Zergling x6, Roach x2  
  176  9:11  Zerg Missile Weapons Level 2, Overlord  
  176  9:12  Zerg Melee Weapons Level 2  
  176  9:14  Spore Crawler  
  176  9:15  Spine Crawler x2  
  180  9:17  Spine Crawler  
  180  9:20  Baneling  
  180  9:21  Baneling x8  
  180  9:23  Ravager x2  
  181  9:25  Corruptor x2  
  181  9:27  Queen, Drone x5  
  181  9:30  Extractor  
  191  9:31  Extractor, Spore Crawler  
  191  9:34  Drone x3  
  191  9:36  Spine Crawler  
  191  9:39  Spine Crawler x2, Overlord  
  191  9:44  Drone x2  
  191  9:50  Corruptor x4  
  199  9:56  Spire  
  193  10:09  Corruptor  
  193  10:10  Corruptor x2  
  197  10:17  Infestor x2  
  197  10:20  Neural Parasite  
  195  10:22  Drone x4  
  193  10:51  Drone x2  
  193  10:52  Drone  
  193  10:54  Baneling x3  
  193  10:55  Baneling, Hydralisk Den  
  195  11:04  Drone x4  
  195  11:05  Hatchery, Drone  
  191  11:16  Viper x2  
  191  11:22  Zergling x18  
  191  11:25  Spore Crawler, Drone, Spine Crawler  
  199  11:28  Lurker Den  
  199  11:29  Muscular Augments  
  194  11:40  Brood Lord x2  
  194  11:41  Baneling x6  
  194  11:43  Baneling x4  
  198  11:52  Zergling x44  
  200  12:00  Zerg Melee Weapons Level 3, Zerg Missile Weapons Level 3  
  200  12:01  Zerg Flyer Weapons Level 1  
  197  12:02  Zerg Flyer Armor Level 1  
  197  12:13  Hatchery  
  196  12:27  Corruptor  
  196  12:29  Baneling  
  198  12:30  Baneling x11  
  198  12:37  Seismic Spines  
  194  12:40  Corruptor x5  
  200  12:48  Overlord  
  196  13:05  Burrow  
  196  13:12  Zergling x14  
  197  13:21  Baneling x9, Brood Lord  
  197  13:23  Brood Lord x4  
  196  13:28  Zergling x12  
  196  13:34  Roach x8  
  199  13:38  Baneling x13  
  195  13:45  Zergling x14  
  186  13:49  Zergling x18  
  186  13:50  Zergling x2, Queen  
  186  13:54  Roach x2  
  186  14:01  Zergling x12, Queen  
  186  14:02  Queen  
  172  14:04  Zergling x4  
  172  14:05  Hydralisk  
  172  14:09  Hydralisk  
  162  14:12  Hydralisk  
  162  14:13  Hydralisk  
  162  14:15  Roach  
  149  14:21  Brood Lord x3  
  149  14:23  Brood Lord  
  154  14:25  Drone x5  
  154  14:26  Queen  
  161  14:35  Drone x2  
  161  14:36  Hatchery  
  161  14:37  Queen  
  164  14:39  Corruptor x4, Lurker x4  
  164  14:40  Corruptor  
  164  14:41  Spore Crawler x2  
  164  14:42  Zergling x2  
  164  14:43  Zergling x6, Spore Crawler  
  164  14:44  Adrenal Glands  
  164  14:45  Zergling x2  
  167  14:50  Zergling x2, Roach x2  
  170  14:53  Zerg Flyer Weapons Level 2  
  170  14:57  Zergling x12  
  175  15:05  Baneling  
  175  15:06  Baneling x5  
  175  15:13  Brood Lord x2  
  179  15:18  Drone x3  
  179  15:19  Drone x2, Roach x2  
  184  15:26  Baneling x4  
  184  15:27  Viper x2  
  189  15:30  Drone x2  
  189  15:34  Zerg Ground Armor Level 1  
  187  15:42  Roach x3  
  191  15:48  Brood Lord x2  
  195  15:53  Zergling x12, Spore Crawler  
  195  15:55  Spore Crawler  
  199  16:01  Adaptive Talons  
  198  16:04  Drone x3  
  198  16:05  Extractor x2  
  198  16:07  Spore Crawler, Spine Crawler  
  198  16:10  Infestor x3  
  199  16:15  Spore Crawler  
  199  16:16  Overseer  
  198  16:25  Drone  
  199  16:30  Spore Crawler x2  
  186  16:43  Corruptor x4  
  191  16:49  Corruptor x3  
  197  17:00  Corruptor x4, Roach x9  
  195  17:04  Baneling x6  
  195  17:07  Zergling x2  
  195  17:08  Zergling x22  
  187  17:12  Corruptor x2  
  173  17:21  Drone x3  
  167  17:23  Drone x3  
  167  17:28  Zergling x2, Roach x2  
  135  17:31  Zergling x2  
  135  17:32  Zergling x2  
  135  17:35  Roach  
  114  17:50  Ravager x2  
Show
View Real Time Build Order
Export as new Build Order

HeroMarine Terran - Winner!

Build Orders: Hellion Opening, Reaper Expand, Mech 

Get SALT Encoding   

  12  0:01  SCV  
  13  0:13  SCV  
  14  0:17  Supply Depot  
  14  0:25  SCV  
  15  0:38  SCV  
  15  0:40  Barracks  
  16  0:43  Refinery  
  16  0:50  SCV  
  17  1:02  SCV  
  18  1:14  SCV  
  19  1:27  Orbital Command, Reaper  
  20  1:39  Command Center  
  20  1:47  Supply Depot  
  20  1:53  SCV  
  21  1:59  Marine  
  22  2:05  SCV  
  23  2:08  Factory  
  23  2:14  Refinery  
  23  2:17  SCV  
  25  2:23  Barracks Reactor  
  25  2:29  SCV  
  25  2:41  SCV  
  26  2:51  Orbital Command  
  26  2:53  Factory Reactor, SCV  
  26  2:56  Starport  
  27  3:05  SCV  
  28  3:06  Hellion x2  
  28  3:07  Marine  
  33  3:17  SCV  
  33  3:18  SCV  
  35  3:25  Marine  
  35  3:26  Supply Depot  
  36  3:28  Hellion x2  
  36  3:29  SCV  
  36  3:30  SCV  
  42  3:36  Starport Tech Lab  
  42  3:38  Fusion Core  
  42  3:41  SCV  
  42  3:42  SCV  
  44  3:50  Hellion  
  44  3:51  Supply Depot  
  44  3:52  Hellion  
  44  3:54  SCV x2  
  50  4:06  SCV x2  
  54  4:17  Command Center  
  54  4:20  SCV x2  
  54  4:24  Battlecruiser  
  54  4:28  Supply Depot  
  60  4:32  SCV x2  
  60  4:36  Refinery x2  
  62  4:49  SCV x2  
  62  4:50  Hellion x2  
  68  4:54  Supply Depot  
  68  5:01  SCV x2  
  70  5:10  Factory  
  70  5:11  Factory  
  70  5:15  SCV x2  
  70  5:16  Hellion x2  
  70  5:20  Supply Depot  
  76  5:28  SCV x2  
  78  5:30  Battlecruiser  
  78  5:32  Orbital Command  
  82  5:40  SCV x2  
  84  5:46  Weapon Refit  
  84  5:47  Hellion x2  
  88  5:53  SCV  
  89  5:58  Refinery  
  89  6:00  Orbital Command  
  89  6:02  Refinery  
  89  6:03  Factory Tech Lab x2  
  88  6:04  SCV  
  88  6:05  SCV  
  88  6:16  SCV  
  89  6:19  Supply Depot  
  89  6:20  SCV  
  89  6:21  Engineering Bay  
  89  6:23  Siege Tank x2  
  89  6:24  Supply Depot  
  96  6:28  SCV x2  
  96  6:32  SCV  
  99  6:39  Infernal Pre-Igniter  
  99  6:40  SCV x2, Mag-Field Accelerator  
  99  6:44  SCV  
  102  6:52  Supply Depot, SCV x2  
  102  6:53  Supply Depot  
  102  6:56  SCV  
  99  7:04  SCV x2  
  99  7:08  SCV, Battlecruiser  
  103  7:10  Armory  
  103  7:13  Armory  
  104  7:16  SCV  
  104  7:17  Command Center, SCV  
  104  7:20  SCV  
  105  7:28  SCV  
  105  7:29  SCV  
  107  7:30  Missile Turret x2, Cyclone  
  107  7:32  SCV, Cyclone  
  114  7:38  Factory  
  114  7:41  Factory, SCV  
  114  7:42  SCV  
  116  7:56  Supply Depot  
  116  7:57  Supply Depot x2  
  116  8:01  Terran Vehicle Weapons Level 1  
  116  8:03  Siege Tank  
  116  8:04  Terran Vehicle And Ship Armor Level 1  
  116  8:05  Supply Depot, Siege Tank  
  122  8:10  Hellion x2  
  126  8:18  Refinery  
  126  8:23  Refinery, Missile Turret  
  126  8:25  Missile Turret  
  126  8:35  Factory Reactor  
  126  8:36  Factory Tech Lab, Siege Tank  
  126  8:37  Hellion x2, Siege Tank  
  136  8:45  SCV x3  
  139  8:56  Factory x2  
  139  8:57  Factory, SCV x2  
  139  8:58  Hellion x2, SCV  
  139  9:02  Siege Tank  
  149  9:08  Siege Tank  
  149  9:09  SCV x2  
  154  9:10  SCV  
  158  9:18  Planetary Fortress  
  158  9:21  Hellion x3  
  158  9:22  Hellion  
  166  9:33  Siege Tank  
  166  9:39  Command Center  
  166  9:46  Factory Reactor  
  166  9:47  Factory Tech Lab x2  
  166  9:48  Siege Tank  
  166  9:49  Siege Tank  
  166  9:50  Hellion x3  
  166  9:52  Hellion  
  178  10:00  Command Center, Terran Vehicle Weapons Level 2  
  178  10:09  Terran Vehicle And Ship Armor Level 2  
  174  10:18  Hellion x4  
  180  10:25  Siege Tank  
  179  10:30  Supply Depot x2  
  179  10:31  Supply Depot  
  175  10:44  Siege Tank  
  178  10:51  Thor x3  
  178  10:53  Orbital Command  
  178  10:56  Command Center  
  196  11:24  Refinery  
  196  11:26  Refinery  
  196  11:35  Missile Turret  
  196  11:37  Thor  
  196  11:38  Missile Turret  
  192  11:42  Command Center  
  192  11:43  Command Center  
  192  11:53  Thor x2  
  192  11:54  Thor x2  
  188  11:58  Hellion x4  
  188  11:59  Planetary Fortress, Hellion  
  200  12:04  Smart Servos  
  190  12:22  Thor  
  190  12:25  Starport  
  190  12:26  Starport, Advanced Ballistics  
  190  12:28  Terran Vehicle And Ship Armor Level 3, Terran Vehicle Weapons Level 3  
  193  12:31  Hellion x2  
  193  12:33  Hellion x2  
  193  12:36  Hellion x2  
  190  12:46  Cyclone x2  
  190  12:47  Cyclone  
  199  13:10  Cyclone x2  
  193  13:19  Orbital Command x2, Command Center  
  185  13:30  Hellion, Cyclone x2  
  185  13:31  Hellion x2, Cyclone  
  185  13:32  Hellion  
  185  13:33  Hellion  
  186  13:37  Hellion  
  186  13:43  Hellion  
  188  13:52  Hellion x3  
  185  13:56  Hellion x2  
  185  14:00  Hellion  
  173  14:05  Siege Tank  
  173  14:06  Siege Tank, Thor x3  
  148  14:22  Planetary Fortress  
  133  14:28  Starport Reactor x2  
  133  14:37  Thor x2  
  145  14:38  Orbital Command  
  145  14:44  Starport Reactor  
  141  14:45  Hellion  
  141  14:46  Hellion x4  
  141  14:50  Refinery  
  141  14:51  Liberator, Missile Turret, Thor  
  141  14:52  Refinery, Missile Turret x2  
  152  14:53  Liberator  
  152  14:54  Thor  
  152  14:55  Missile Turret  
  152  14:56  Liberator  
  152  14:57  Liberator  
  158  15:02  Thor  
  164  15:07  Terran Ship Weapons Level 1  
  171  15:20  Thor x2  
  186  15:23  Liberator x2  
  186  15:34  Thor  
  184  15:37  Thor  
  192  15:45  Thor  
  198  15:52  Sensor Tower  
  198  15:53  Sensor Tower  
  197  16:13  Command Center  
  197  16:15  Command Center  
  197  16:19  Command Center  
  197  16:25  Factory  
  197  16:26  Factory  
  191  16:42  Thor  
  191  16:45  Thor  
  190  17:03  Thor  
  190  17:06  Hellion x3  
  193  17:09  Thor  
  193  17:12  Thor  
  193  17:15  Hellion  
  195  17:16  Hellion  
  195  17:19  Hellion  
  195  17:20  Factory Tech Lab x2  
  197  17:26  Hellion  
  197  17:27  Hellion x2  
  185  17:30  Hellion  
  185  17:36  Hellion  
  195  17:37  Hellion  
  195  17:40  Hellion, Orbital Command  
Tags
 
Add a new tag
Caveats
  • Supply blocks, unpowered buildings, or Contaminate may cause inaccurate times.
  • Supply counts are checked every 10 seconds.